Map: Acropolis LE

Players

Mez

  • Race: Terran Terran
  • League: Master
  • Spawn Location: 5:00

Player - Winner!

  • Race: Protoss Protoss
  • League: Master
  • Spawn Location: 11:00

VOD

Have the link to the VOD?

Description

Time

  • Played on: Aug. 12, 2019, 6:25 p.m.
  • Length: 6:26
Show
View Real Time Build Order
Export as new Build Order

Mez Terran 

Build Orders: Reaper Expand 

Get SALT Encoding   

  12  0:01  SCV  
  13  0:13  SCV  
  14  0:17  Supply Depot  
  14  0:25  SCV  
  15  0:39  SCV  
  15  0:40  Barracks  
  16  0:44  Refinery  
  16  0:51  SCV  
  17  1:03  SCV  
  18  1:15  SCV  
  19  1:28  Reaper, Orbital Command  
  20  1:39  Command Center  
  20  1:52  Bunker  
  20  1:54  SCV  
  20  1:59  Supply Depot  
  21  2:07  SCV  
  21  2:08  Barracks Reactor  
  22  2:20  SCV  
  23  2:29  Command Center  
  23  2:32  SCV  
  24  2:43  Factory  
  24  2:46  Marine x2  
  24  2:48  SCV  
  27  2:57  Orbital Command  
  27  3:01  SCV  
  27  3:02  Refinery  
  27  3:05  Marine  
  28  3:06  Marine  
  30  3:13  SCV  
  31  3:26  Marine x2  
  33  3:28  Bunker  
  33  3:31  Widow Mine  
  33  3:34  Bunker  
  35  3:36  Engineering Bay  
  34  3:42  Orbital Command  
  33  3:53  Widow Mine, Starport  
  33  3:54  Marine  
  33  3:55  Marine  
  37  3:59  SCV  
  36  4:14  SCV, Supply Depot  
  37  4:20  Marine  
  38  4:25  Armory  
  38  4:26  Factory Tech Lab  
  38  4:28  Bunker  
  38  4:33  Missile Turret  
  34  4:44  Marine  
  32  4:46  Viking, Marine  
  32  4:53  Cyclone  
  32  4:57  Orbital Command  
  35  5:04  Marine  
  33  5:19  Viking  
Show
View Real Time Build Order
Export as new Build Order

Player Protoss - Winner!

Build Orders: Proxy Void Ray 

Get SALT Encoding   

  12  0:00  Probe  
  13  0:13  Probe  
  14  0:17  Pylon  
  14  0:23  Probe  
  15  0:31  Probe  
  15  0:36  Gateway  
  15  0:40  Probe  
  17  0:51  Probe  
  17  0:53  Assimilator  
  18  0:58  Assimilator  
  18  1:03  Probe  
  19  1:15  Probe  
  20  1:23  Cybernetics Core  
  20  1:27  Probe  
  20  1:30  Pylon  
  21  1:44  Pylon  
  21  1:45  Probe  
  22  1:50  Stalker  
  22  1:57  Probe  
  25  2:03  Stargate  
  25  2:07  Warp Gate  
  25  2:17  Gateway  
  25  2:19  Stalker  
  27  2:34  Void Ray  
  31  3:06  Pylon  
  31  3:10  Void Ray  
  35  3:26  Probe  
  34  3:39  Probe  
  34  3:40  Shield Battery  
  35  3:42  Shield Battery  
  35  3:55  Stalker x2  
  39  3:58  Gateway  
  39  4:07  Void Ray  
  39  4:18  Stalker  
  45  4:24  Stalker  
  47  4:51  Pylon  
  47  4:58  Pylon  
  45  5:16  Stalker x3  
  45  5:17  Shield Battery  
  49  5:41  Stalker  
  49  5:42  Stalker x2  
  53  5:47  Shield Battery  
  53  6:03  Pylon  
  53  6:15  Stalker x3  
  59  6:25  Gateway  
Tags
 
Add a new tag
Caveats
  • Supply blocks, unpowered buildings, or Contaminate may cause inaccurate times.
  • Supply counts are checked every 10 seconds.